 Dungeon Crawl Stone Soup version 0.26.1-11-gd32895ea62 (webtiles) character file.

Game seed: 8386505209788243826

603673 dtburroughs the Slayer (level 26, -3/375 HPs)
             Began as a Minotaur Berserker on July 13, 2021.
             Was the Champion of Trog.
             Slain by an acid blob (9 damage)
             ... created by the Royal Jelly
             ... on level 4 of the Pits of Slime on July 14, 2021.
             The game lasted 04:04:54 (80065 turns).

dtburroughs the Slayer (Minotaur Berserker)        Turns: 80065, Time: 04:04:55

Health: -3/375     AC: 17    Str: 26    XL:     26   Next: 56%
Magic:  6/6        EV:  2    Int:  4    God:    Trog [******]
Gold:   7045       SH: 24    Dex: 14    Spells: 25/25 levels left

rFire    + + .     SeeInvis .   W - +9 broad axe (antimagic)
rCold    + + .     Faith    .   N - +2 shield of Resistance {rF++ rC++ Will++}
rNeg     + + +     Spirit   .   (armour currently unavailable)
rPois    +         Reflect  +   (helmet unavailable)
rElec    .         Harm     .   (cloak currently unavailable)
rCorr    +         Rampage  .   (gloves currently unavailable)
Will     +++++     Rnd*Rage +   (boots currently unavailable) Stlth +.........NoTele +
                                h - amulet of reflection
HPRegen  1.72/turn              v - ring of resist corrosion
MPRegen  0.10/turn              i - ring "Vimoenki" {Will++ Int-4 Slay+4}

@: tree-form, corroded, regenerating
A: (retaliatory headbutt), berserk 1, blurry vision 1, deterioration 2, low mp
1, screaming 1, no potion heal 2, subdued magic 1
}: 3/15 runes: decaying, serpentine, silver
a: Renounce Religion, Berserk, Trog's Hand, Brothers in Arms


You were on level 4 of the Pits of Slime.
You worshipped Trog.
Trog was exalted by your worship.
You were a tree.
You visited 9 branches of the dungeon, and saw 49 of its levels.
You visited 1 ziggurat, and saw 4 of its levels.
You also visited: Ice Cave.

You collected 8968 gold pieces.
You spent 1923 gold pieces at shops.

Inventory:

Hand Weapons
 c - the +8 war axe of the Solstice {vorpal, Will+}
   (Trog gifted it to you in an ice cave)

   It inflicts extra damage upon your enemies.
   It affects your willpower, your defense against some magical effects.
 j - a +3 vorpal broad axe
 J - the +4 morningstar "Taumoam" {flame, rF+ Str+4 Dex+3}
   (You took it off a deep elf annihilator on level 3 of the Elven Halls)

   It has been specially enchanted to burn those struck by it, causing extra
   injury to most foes and up to half again as much damage against particularly
   susceptible opponents.
   It affects your strength (+4).
   It affects your dexterity (+3).
   It protects you from fire.
 W - a +9 antimagic broad axe (weapon)
Armour
 l - a scarf of resistance (melded)
 n - the +5 chain mail of Kikubaaqudgha's Favour {rElec rPois}
   (You found it in an ice cave)

   It insulates you from electricity.
   It protects you from poison.
 z - the +0 pair of gloves of Contentment (melded) {Rampage rN++ Dex+2 Slay+3}
   (You found it on level 4 of the Dungeon)

   It affects your dexterity (+2).
   It affects your accuracy and damage with ranged weapons and melee attacks
   (+3).
   It greatly protects you from negative energy.
   It bestows one free step when moving towards enemies.
 B - a +2 pair of boots (melded)
 M - +8 gold dragon scales (melded)
 N - the +2 shield of Resistance (worn) {rF++ rC++ Will++}
   (You found it on level 12 of the Dungeon)

   It greatly protects you from fire.
   It greatly protects you from cold.
   It affects your willpower, your defense against some magical effects.
Jewellery
 h - an amulet of reflection (around neck)
 i - the ring "Vimoenki" (right branch) {Will++ Int-4 Slay+4}
   (You acquired it on level 1 of the Lair of Beasts)

   [ring of slaying]

   It affects your intelligence (-4).
   It affects your accuracy and damage with ranged weapons and melee attacks
   (+4).
   It affects your willpower, your defense against some magical effects.
 m - an uncursed ring of see invisible
 s - an uncursed ring of flight
 v - a ring of resist corrosion (left branch)
Wands
 u - a wand of iceblast (54)
 A - a wand of paralysis (33)
 E - a wand of disintegration (71)
 F - a wand of polymorph (36)
 H - a wand of acid (34)
 I - a wand of digging (30)
 K - a wand of enslavement (16)
 O - a wand of flame (180)
 S - a wand of random effects (63)
Scrolls
 b - 13 scrolls of fog
 d - 7 scrolls of fear
 t - 4 scrolls of immolation
 w - 11 scrolls of identify
 y - 10 scrolls of magic mapping
 C - 27 scrolls of teleportation
 X - a scroll of holy word
 Y - a scroll of silence
Potions
 a - 4 potions of cancellation
 f - 3 potions of magic
 g - 8 potions of lignification
 k - 27 potions of curing
 o - 5 potions of haste
 p - 2 potions of mutation
 q - 3 potions of invisibility
 r - a potion of heal wounds
 D - 6 potions of ambrosia
 R - 4 potions of might
 Z - 2 potions of resistance
Miscellaneous
 e - a phial of floods
 L - a tin of tremorstones (2/2)
 Q - a phantom mirror
 U - a box of beasts (inert)
 V - a lightning rod (3/4)


   Skills:
 + Level 23.1 Fighting
 + Level 23.0(23.2) Axes
 + Level 6.7(16.8) Maces & Flails
 + Level 22.8 Armour
 + Level 21.4 Dodging
 + Level 20.5 Shields
 - Level 17.7 Evocations


You had 25 spell levels left.
You didn't know any spells.
Your spell library was empty.

Dungeon Overview and Level Annotations

Branches:
Dungeon (15/15)            Temple (0/1) D:5            Lair (6/6) D:10
  Swamp (4/4) Lair:3        Snake (4/4) Lair:3        Slime (5/5) Lair:6
    Orc (2/2) D:11            Elf (3/3) Orc:2        Vaults (5/5) D:14
  Crypt (0/3) Vaults:2     Depths (5/5) D:15            Zot (0/5) Depths:5
  IceCv (visited)

Altars:
Dithmenos
Elyvilon
Gozag
Nemelex Xobeh
Okawaru
Qazlal
Ru
Sif Muna
Trog
Xom
Zin
The Shining One
Beogh

Shops:
D:8 [   D:12 [   Orc:2 [:**   Elf:3 *   Snake:1 !((   Snake:4 }=}   Depths:2 [
Depths:5 *

Portals:
Hell: Depths:1 Depths:2 Depths:3 Depths:4 Depths:5
Abyss: Depths:1 Depths:4
Pandemonium: Depths:3

Annotations:
Swamp:1 Roxanne
Swamp:3 Lernaean hydra
Elf:2 3 runed translucent doors
Vaults:3 6 runed translucent doors


Innate Abilities, Weirdness & Mutations

((You reflexively headbutt those who attack you in melee.))
((You have a pair of large horns on your head.))
You tend to lose your temper in combat.
Scrolls take you a little longer to read.
((Armour fits poorly on your strangely shaped body.))
Your body often deteriorates upon taking damage.
Your magical capacity is low. (-10% MP)
You occasionally shout uncontrollably at your foes.
((You are occasionally teleported next to monsters.))
Potions are poor at restoring your health.
Your spells are a little easier to cast, but a little less powerful.


Message History

You turn into a tree.
Your scarf of resistance melds into your body.
The +0 pair of gloves of Contentment {Rampage rN++ Dex+2 Slay+3} melds into your body.
Your +2 pair of boots melds into your body.
Your +8 gold dragon scales melds into your body.
You feel hot and cold all over.
Your roots penetrate the ground.
You block the acid blob's attack. x2; You block the death ooze's attack. x2
The death ooze hits you!!
* * * LOW HITPOINT WARNING * * *
The death ooze barely misses you. The azure jelly hits you.
* * * LOW HITPOINT WARNING * * *
The azure jelly freezes you! You resist.
* * * LOW HITPOINT WARNING * * *
The azure jelly hits you but does no damage.
The azure jelly hits you!
* * * LOW HITPOINT WARNING * * *
The azure jelly hits you.
* * * LOW HITPOINT WARNING * * *
The acid blob hits you!
You die...

##.### #....####
#....####....#.#### ###
##....##........#.## #.##
###.##.##...#...........##...#
##...................#..##.#.#
#....#.......................##
#.##...#.....................##
##..#..##....JJ.....##.........
#.......#..#.J♣J.............##
##...........JJJ............##
#....<..<....................#
##.............#..........#.##
###...............#.....##.#
##...###.........#.....#...
#.....#...............###.##
##...###.#..........### ##
#.....####...#......##


You could see 3 acid blobs, 2 azure jellies and 2 death oozes.

Vanquished Creatures
  Dissolution (Slime:4)
  Mara (Snake:3)
  Mennas (Depths:3)
  2 juggernauts
  Boris (Vaults:4)
  Margery (Vaults:5)
  The ghost of casual the Hoplite, a veteran MiMo of Hepliaklqana (Vaults:3)
  Vashnia (Snake:3)
  A caustic shrike (Depths:3)
  the Enchantress (Depths:3)
  4 golden dragons
  5 liches
  Jorgrun (D:13)
  A deep elf blademaster (Elf:3)
  3 tentacled monstrosities
  Asterion (Depths:2)
  A quicksilver dragon (Vaults:5)
  29 acid blobs
  6 titans
  3 deep elf master archers
  2 large abominations
  5 sphinxes
  6 storm dragons (Vaults:5)
  4 shadow dragons (Vaults:5)
  10 tengu reavers
  7 azure jellies
  15 fire giants
  9 nagarajas
  7 frost giants
  6 deep elf sorcerers
  A draconian scorcher (Depths:5)
  Aizul (Snake:2)
  21 vault wardens
  15 ironheart preservers
  6 spriggan defenders
  6 deep elf elementalists
  Louise (Elf:2)
  11 very ugly things
  18 stone giants
  Nessos (D:13)
  3 war gargoyles (Vaults:5)
  4 black draconians (Depths:5)
  12 deep elf demonologists
  2 bunyips
  3 yellow draconians (Depths:5)
  2 entropy weavers
  An entropy weaver (shapeshifter) (D:14)
  The ghost of Gorgoleon the Earth Mage, a journeyman GrEE (Lair:6)
  A vampire knight (Depths:2)
  11 deep elf annihilators
  4 dire elephants (Depths:3)
  7 spark wasps
  12 ettins
  A merfolk javelineer (Depths:2)
  A crystal guardian (Vaults:5)
  An eleionoma (shapeshifter) (Vaults:5)
  An eleionoma (Swamp:3)
  Josephine (D:12)
  14 fire dragons
  14 yaktaur captains
  13 deep elf death magi
  2 death oozes
  17 great orbs of eyes
  5 deep elf high priests
  2 rakshasas (Vaults:1)
  16 ice dragons
  23 naga warriors
  41 vault guards
  2 spriggan air magi
  3 boulder beetles
  17 hydras
  2 catoblepae
  10 anacondas
  10 alligators
  4 centaur warriors
  Erica (D:9)
  4 death knights
  A two-headed ogre (shapeshifter) (Vaults:5)
  13 ogre magi
  27 two-headed ogres
  8 deep troll shamans
  6 tengu warriors
  32 dancing weapons
  2 orc high priests
  8 death yaks
  8 deep troll earth magi
  11 shock serpents
  23 deep elf knights
  3 vampire magi (Depths:3)
  21 naga sharpshooters
  2 spriggan berserkers
  A wretched star (Zig:4)
  9 hell knights
  A fire crab (Lair:2)
  2 soul eaters (Zig:2)
  A salamander mystic (Snake:3)
  3 iron trolls
  3 skeletal warriors
  A fire crab (shapeshifter) (Depths:2)
  2 unseen horrors (shapeshifter)
  2 goliath frogs
  10 sea snakes (Snake:4)
  4 wizards
  32 deep trolls
  7 glowing orange brains
  5 spriggan druids
  14 swamp dragons
  4 flayed ghosts
  6 naga ritualists
  3 bog bodies
  4 unseen horrors
  3 necromancers
  2 lindwurms (Depths:3)
  28 deep elf archers
  19 ironbrand convokers
  11 harpies
  A mana viper (shapeshifter) (Vaults:5)
  5 orc knights
  8 phantasmal warriors
  73 deep elf magi
  An orb spider (shapeshifter) (Elf:2)
  11 mana vipers
  A stone giant zombie (Zig:3)
  A human zombie (Vaults:4)
  6 orc sorcerers
  7 shining eyes
  15 salamanders
  8 wolf spiders
  A manticore (shapeshifter) (Vaults:5)
  5 will-o-the-wisps
  A wolf spider (shapeshifter) (Vaults:5)
  4 manticores
  13 elephants
  60 ugly things
  7 cyclopes
  An elephant (shapeshifter) (Vaults:1)
  9 centaur zombies
  A fire giant skeleton (Vaults:4)
  20 vault sentinels
  38 black mambas
  4 eyes of devastation
  25 naga magi
  2 guardian serpents (shapeshifter)
  13 cane toads
  A smoke demon (Depths:4)
  9 guardian serpents
  5 ice statues (IceCv)
  A gargoyle (D:13)
  7 komodo dragons
  A torpor snail (Lair:6)
  5 rime drakes
  A tormentor (Zig:3)
  A yaktaur (shapeshifter) (Vaults:3)
  An efreet (D:15)
  A golden dragon simulacrum (IceCv)
  2 hellwings (Depths:4)
  71 yaktaurs
  2 anaconda simulacra (IceCv)
  7 freezing wraiths
  An ancient zyme (Zig:4)
  2 jumping spiders (shapeshifter)
  7 tyrant leeches
  3 small abominations
  4 polar bears (Lair:6)
  6 tengu conjurers
  A jumping spider (Vaults:4)
  A bloated husk (Swamp:3)
  A hornet (shapeshifter) (Vaults:1)
  A polar bear (shapeshifter) (Elf:3)
  13 trolls
  A merfolk (D:11)
  2 red devils (Depths:4)
  17 hornets
  Grinder (D:3)
  A raiju (shapeshifter) (Vaults:2)
  Prince Ribbit (D:6)
  2 raiju (Zig:4)
  A blink frog (shapeshifter) (Vaults:2)
  A fire dragon zombie (Zig:3)
  2 harpy skeletons (D:15)
  103 slime creatures
  A slime creature (shapeshifter) (Vaults:4)
  6 dream sheep (Lair:4)
  A meliai zombie (D:14)
  2 centaur simulacra
  16 spriggans
  4 flying skulls (D:12)
  8 redbacks
  3 air elementals (Elf:2)
  4 shadows
  4 wraiths
  15 wyverns
  A dire elephant simulacrum (IceCv)
  A fire elemental (Elf:3)
  2 vampires
  Sigmund (D:2)
  10 water elementals
  A yak (shapeshifter) (Depths:2)
  A spriggan (shapeshifter) (Elf:3)
  3 fire bats (Depths:4)
  A hog (D:11)
  55 yaks
  A hog (shapeshifter) (Vaults:3)
  A golden eye (shapeshifter) (D:15)
  7 golden eyes
  2 vampire mosquitoes (Swamp:3)
  An iron troll simulacrum (IceCv)
  6 basilisks
  Menkaure (D:6)
  A harpy simulacrum (IceCv)
  3 wargs
  14 swamp worms
  3 acid dragons
  59 nagas
  3 soldier ants
  Duvessa (D:7)
  2 hell hounds (Depths:3)
  2 hydra simulacra (IceCv)
  28 orc warriors
  32 water moccasins
  2 floating eyes (shapeshifter)
  15 black bears
  6 ice beasts (IceCv)
  3 sky beasts
  9 swamp drakes
  11 eyes of draining
  31 ogres
  3 necrophages
  4 phantoms
  6 wolves
  An ettin simulacrum (IceCv)
  A centaur (shapeshifter) (Vaults:5)
  14 centaurs
  A human skeleton (Vaults:4)
  4 big kobolds
  31 bullfrogs
  3 earth elementals
  A wyvern zombie (D:11)
  2 scorpions
  Dowan (D:7)
  20 killer bees
  22 wights
  7 electric eels
  7 howler monkeys
  5 crimson imps (Depths:4)
  2 bullfrog zombies (D:12)
  6 hounds
  13 centaur skeletons
  9 starcursed masses (Zig:4)
  An iron imp (Depths:2)
  28 orc priests
  8 jellies
  Crazy Yiuf (D:7)
  2 gnoll shamans (D:11)
  4 bullfrog skeletons
  Terence (D:3)
  Ijyb (D:3)
  An iguana (D:9)
  29 orc wizards
  14 worker ants
  A killer bee zombie (D:9)
  A worker ant zombie (D:5)
  Robin (D:2)
  8 gnolls
  18 adders
  A white imp (D:10)
  3 ufetubi
  3 oozes
  3 adder skeletons
  6 dart slugs
  2 worms
  8 leopard geckos
  70 orcs
  3 giant cockroaches
  7 hobgoblins
  8 jackals
  4 quokkas
  9 ball pythons
  6 bats
  7 frilled lizards
  14 goblins
  A jackal skeleton (D:7)
  11 kobolds
  2 leopard gecko skeletons (D:4)
  8 rats
  A bush (D:11)
  8 crawling corpses
  A plant (Lair:6)
2307 creatures vanquished.

Vanquished Creatures (collateral kills)
  the Royal Jelly (Slime:5)
  An ancient lich (Vaults:2)
  Rupert (Orc:2)
  A tentacled monstrosity (Swamp:1)
  2 deep elf blademasters
  A titan (Vaults:5)
  An acid blob (Slime:5)
  2 azure jellies (Slime:5)
  A deep elf sorcerer (Elf:2)
  A deep elf elementalist (Elf:3)
  2 very ugly things
  A deep elf annihilator (Elf:2)
  A bunyip (Swamp:1)
  A fire dragon (Depths:5)
  A death ooze (Slime:5)
  A great orb of eyes (Depths:5)
  8 hydras
  2 two-headed ogres (Orc:2)
  A deep troll shaman (Depths:3)
  A dancing weapon (Elf:3)
  An ogre mage (Vaults:5)
  A naga sharpshooter (Snake:3)
  A shock serpent (Snake:3)
  A goliath frog (Swamp:1)
  2 deep trolls
  A naga ritualist (Snake:3)
  An ugly thing (Depths:5)
  A will-o-the-wisp (Swamp:1)
  A komodo dragon (Lair:3)
  A tyrant leech (Swamp:1)
  A slime creature (Slime:4)
  A wraith (Vaults:2)
  An orc warrior (Orc:2)
  2 ogres (Vaults:5)
  An orc priest (Orc:2)
  2 orc wizards (Orc:2)
50 creatures vanquished.

Vanquished Creatures (others)
  A sphinx (Depths:3)
  A black mamba (Snake:4)
  A naga mage (Snake:4)
  A bloated husk (Swamp:3)
  A golden eye (Slime:5)
  2 vampire mosquitoes (Swamp:3)
  An orc warrior (Elf:1)
  A tengu (shapeshifter) (Vaults:4)
  A centaur (Depths:3)
  4 bushes
  28 foxfires
  34 fungi
  167 plants
  4 toadstools (D:1)
247 creatures vanquished.

Grand Total: 2604 creatures vanquished

Notes
Turn   | Place    | Note
-------+----------+-------------------------------------------
     0 | D:1      | dtburroughs the Minotaur Berserker began the quest for the
                  | Orb.
     0 | D:1      | Reached XP level 1. HP: 19/19 MP: 0/0
   347 | D:1      | Reached XP level 2. HP: 27/27 MP: 1/1
   954 | D:2      | Noticed Robin
  1004 | D:2      | Reached XP level 3. HP: 26/33 MP: 2/2
  1038 | D:2      | Reached ** piety under Trog
  1052 | D:2      | Killed Robin
  1416 | D:2      | Noticed Sigmund
  1425 | D:2      | Killed Sigmund
  1426 | D:2      | Reached XP level 4. HP: 41/41 MP: 3/3
  1426 | D:2      | Reached XP level 5. HP: 47/47 MP: 4/4
  1642 | D:2      | Reached skill level 5 in Axes
  1727 | D:2      | Reached skill level 5 in Fighting
  2012 | D:3      | Found an opulent altar of Gozag.
  2390 | D:3      | Reached XP level 6. HP: 56/56 MP: 5/5
  2412 | D:3      | Noticed Terence
  2434 | D:3      | Killed Terence
  2657 | D:3      | Found a roughly hewn altar of Beogh.
  2784 | D:3      | Noticed Grinder
  2785 | D:3      | Paralysed by Grinder for 3 turns
  2806 | D:3      | Paralysed by Grinder for 5 turns
  2820 | D:3      | Killed Grinder
  2821 | D:3      | Reached skill level 5 in Armour
  2821 | D:3      | Reached XP level 7. HP: 19/62 MP: 6/6
  3077 | D:3      | Noticed Ijyb
  3097 | D:3      | Killed Ijyb
  3478 | D:4      | Found a shimmering blue altar of Sif Muna.
  3482 | D:4      | Found an iron altar of Okawaru.
  3555 | D:4      | Reached *** piety under Trog
  3968 | D:4      | Found a stormy altar of Qazlal.
  4002 | D:4      | Reached skill level 5 in Dodging
  4413 | D:4      | Got a pair of bloodstained gloves
  4619 | D:5      | Entered Level 5 of the Dungeon
  4648 | D:4      | Reached skill level 1 in Evocations
  4973 | D:5      | Reached XP level 8. HP: 62/71 MP: 7/7
  5796 | D:5      | Found a staircase to the Ecumenical Temple.
  5985 | D:6      | Noticed Prince Ribbit
  6641 | D:6      | Identified the cursed +0 pair of gloves of Contentment
                  | {Rampage rN++ Dex+2 Slay+3} (You found it on level 4 of the
                  | Dungeon)
  6784 | D:6      | Killed Prince Ribbit
  7158 | D:6      | Reached XP level 9. HP: 76/79 MP: 8/8
  7400 | D:6      | Noticed Menkaure
  7403 | D:6      | Killed Menkaure
  8002 | D:7      | Noticed Dowan
  8003 | D:7      | Noticed Duvessa
  8006 | D:7      | Killed Dowan
  8013 | D:7      | Killed Duvessa
  8386 | D:7      | Found a runed translucent door.
  8387 | D:7      | Noticed Crazy Yiuf
  8780 | D:7      | Killed Crazy Yiuf
  9117 | D:8      | Found a sacrificial altar of Ru.
  9262 | D:8      | Reached **** piety under Trog
  9378 | D:8      | Found Vyciac's Armour Emporium.
  9757 | D:9      | Reached XP level 10. HP: 89/90 MP: 9/9
  9838 | D:9      | Noticed an unseen horror
  9848 | D:9      | Killed an unseen horror
  9969 | D:9      | Reached skill level 5 in Evocations
 10434 | D:9      | Found a shadowy altar of Dithmenos.
 10440 | D:9      | Found an opulent altar of Gozag.
 10440 | D:9      | Found a shimmering altar of Xom.
 10442 | D:9      | Found a sacrificial altar of Ru.
 10442 | D:9      | Found a shimmering altar of Xom.
 10442 | D:9      | Found a white marble altar of Elyvilon.
 10623 | D:9      | Found a bloodstained altar of Trog.
 10624 | D:9      | Found a shimmering altar of Xom.
 10626 | D:9      | Found a glowing golden altar of the Shining One.
 10673 | D:10     | Entered Level 10 of the Dungeon
 10673 | D:10     | Noticed a two-headed ogre
 10675 | D:10     | Noticed Erica
 10957 | D:10     | Noticed a death yak
 10958 | D:10     | Found a staircase to the Lair.
 10958 | D:10     | Noticed an elephant
 10984 | D:10     | Killed a two-headed ogre
 10985 | D:10     | Reached skill level 10 in Axes
 10994 | D:9      | Killed Erica
 10995 | D:9      | Reached skill level 10 in Fighting
 10995 | D:9      | Reached XP level 11. HP: 75/99 MP: 10/10
 11000 | D:9      | Killed a death yak
 11052 | D:10     | Reached skill level 10 in Armour
 11111 | D:10     | Noticed a two-headed ogre
 11121 | D:10     | Killed a two-headed ogre
 11125 | D:10     | Noticed a two-headed ogre
 11154 | D:10     | Killed a two-headed ogre
 11505 | D:10     | Noticed an unseen horror
 11518 | D:10     | Killed an unseen horror
 11992 | D:11     | Reached ***** piety under Trog
 12058 | D:11     | Noticed a white ugly thing
 12070 | D:11     | Killed a white ugly thing
 13349 | D:11     | Reached skill level 10 in Dodging
 13778 | D:11     | Noticed an unseen horror
 13789 | D:11     | Killed an unseen horror
 13790 | D:11     | Reached XP level 12. HP: 92/110 MP: 11/11
 14230 | D:11     | Found a staircase to the Orcish Mines.
 14441 | D:11     | Found a shadowy altar of Dithmenos.
 14456 | D:11     | Noticed a two-headed ogre
 14488 | D:11     | Killed a two-headed ogre
 14544 | D:11     | Identified the +8 spear of Onwasapa {freeze, Dex+4}
 15096 | Lair:1   | Entered Level 1 of the Lair of Beasts
 15132 | Lair:1   | Noticed a seven-headed hydra
 15145 | Lair:1   | Killed a seven-headed hydra
 15356 | Lair:1   | Found a shadowy altar of Dithmenos.
 16089 | Lair:1   | Received a gift from Trog
 16526 | Lair:2   | Found an opulent altar of Gozag.
 17040 | Lair:2   | Noticed a death yak
 17040 | Lair:2   | Noticed a death yak
 17040 | Lair:2   | Noticed a death yak
 17058 | Lair:2   | Killed a death yak
 17058 | Lair:2   | Noticed a death yak
 17058 | Lair:2   | Noticed a death yak
 17065 | Lair:2   | Killed a death yak
 17074 | Lair:2   | Killed a death yak
 17081 | Lair:2   | Killed a death yak
 17094 | Lair:2   | Killed a death yak
 17222 | Lair:2   | Reached XP level 13. HP: 119/119 MP: 12/12
 17897 | Lair:3   | Found a staircase to the Swamp.
 18559 | Lair:3   | Found a staircase to the Snake Pit.
 19074 | Lair:4   | Reached skill level 1 in Shields
 20615 | Lair:6   | Entered Level 6 of the Lair of Beasts
 20644 | Lair:6   | Received a gift from Trog
 21006 | Lair:6   | Found a staircase to the Slime Pits.
 21119 | Lair:6   | Reached XP level 14. HP: 125/129 MP: 13/13
 21345 | Lair:6   | Found a runed translucent gate.
 21388 | Lair:6   | Found a runed translucent gate.
 21389 | Lair:6   | Found a runed translucent gate.
 22158 | Lair:6   | Noticed Gorgoleon's ghost (journeyman GrEE)
 22275 | Lair:6   | Received a gift from Trog
 22280 | Lair:6   | Reached skill level 5 in Shields
 22734 | D:12     | Found a runed translucent door.
 22735 | D:12     | Found the +2 shield of Resistance {rF++ rC++ Will++}
 22747 | D:12     | Reached skill level 10 in Evocations
 22803 | D:12     | Found a runed translucent door.
 22905 | D:12     | Noticed Josephine
 22913 | D:12     | Killed Josephine
 23514 | D:12     | Found Taidd's Antique Armour Emporium.
 23828 | D:13     | Found a shimmering blue altar of Sif Muna.
 23902 | D:13     | Noticed Jorgrun
 23909 | D:13     | Killed Jorgrun
 23913 | D:13     | Noticed Nessos
 23918 | D:13     | Killed Nessos
 24349 | D:14     | Found a gate to the Vaults.
 24349 | D:14     | Noticed an ironheart preserver
 24493 | D:14     | Killed an ironheart preserver
 24505 | D:14     | Reached XP level 15. HP: 107/138 MP: 14/14
 24653 | D:14     | Received a gift from Trog
 24716 | D:14     | Noticed a tengu reaver
 24722 | D:14     | Noticed a tengu reaver
 25039 | D:14     | Killed a tengu reaver
 25170 | D:14     | Noticed an azure jelly
 25170 | D:14     | an eleionoma changed into an azure jelly
 25174 | D:14     | an azure jelly changed into an emperor scorpion
 25325 | D:14     | Found a sparkling altar of Nemelex Xobeh.
 25830 | D:14     | Found a shadowy altar of Dithmenos.
 25881 | D:14     | Killed a tengu reaver
 26185 | D:15     | Entered Level 15 of the Dungeon
 26683 | D:15     | Found a staircase to the Depths.
 26684 | D:15     | Noticed a fire giant
 26706 | D:15     | Killed a fire giant
 27293 | D:15     | Found a glowing silver altar of Zin.
 28497 | Orc:1    | Entered Level 1 of the Orcish Mines
 28721 | Orc:1    | Found a roughly hewn altar of Beogh.
 29183 | Orc:2    | Entered Level 2 of the Orcish Mines
 29259 | Orc:2    | Reached skill level 15 in Fighting
 29259 | Orc:2    | Found a roughly hewn altar of Beogh.
 29415 | Orc:2    | Received a gift from Trog
 29776 | Orc:2    | Found Doishrena's Antique Armour Emporium.
 29780 | Orc:2    | Reached skill level 15 in Axes
 29781 | Orc:2    | Found Imoun's Book Emporium.
 29782 | Orc:2    | Found Wateh's General Store.
 29786 | Orc:2    | Found Tineocs's Assorted Antiques.
 29793 | Orc:2    | Bought a scroll of teleportation for 45 gold pieces
 29793 | Orc:2    | Bought a scroll of brand weapon for 300 gold pieces
 29793 | Orc:2    | Bought a potion of curing for 45 gold pieces
 29795 | Orc:2    | Bought a scroll of blinking for 210 gold pieces
 29809 | Orc:2    | Noticed Rupert
 29823 | Orc:2    | Killed Rupert
 29831 | Orc:2    | Found a staircase to the Elven Halls.
 30023 | Orc:2    | Found a roughly hewn altar of Beogh.
 30339 | Swamp:1  | Entered Level 1 of the Swamp
 30662 | Swamp:1  | Reached XP level 16. HP: 117/149 MP: 15/15
 30720 | Swamp:1  | Noticed a tentacled monstrosity
 30725 | Swamp:1  | Killed a tentacled monstrosity
 30839 | Swamp:1  | Identified Roxanne's Compendium of Moulding
 30839 | Swamp:1  | Noticed Roxanne
 30899 | Swamp:1  | Found a frozen archway.
 30909 | IceCv    | Entered an ice cave
 30914 | IceCv    | Received a gift from Trog
 30940 | IceCv    | Got a crude war axe {god gift}
 30941 | IceCv    | Identified the +8 war axe of the Solstice {vorpal, Will+}
                  | (Trog gifted it to you in an ice cave)
 30950 | IceCv    | Got an encrusted chain mail
 30962 | IceCv    | Reached skill level 15 in Armour
 31761 | Swamp:1  | Identified the +5 chain mail of Kikubaaqudgha's Favour
                  | {rElec rPois} (You found it in an ice cave)
 33674 | Swamp:3  | Reached skill level 10 in Shields
 34283 | Swamp:4  | Entered Level 4 of the Swamp
 34883 | Swamp:4  | Found the +5 robe of Misfortune {*Contam Harm *Corrode
                  | *Drain *Slow EV+5}
 35436 | Swamp:4  | Noticed the 27-headed Lernaean hydra
 35679 | Swamp:4  | HP: 6/151 [eight-headed hydra (2)]
 36715 | Swamp:4  | Identified a scroll of acquirement
 36719 | Swamp:4  | Acquired a scarf of resistance
 36849 | Swamp:4  | Got a decaying rune of Zot
 37325 | Snake:1  | Entered Level 1 of the Snake Pit
 37409 | Snake:1  | Reached XP level 17. HP: 158/158 MP: 16/16
 37751 | Snake:1  | Found Jiny's Distillery.
 37754 | Snake:1  | Found Iremnyru's Antique Weapon Boutique.
 37756 | Snake:1  | Found Kapa's Weapon Shop.
 37760 | Snake:1  | Bought a potion of heal wounds for 70 gold pieces
 37760 | Snake:1  | Bought a potion of curing for 42 gold pieces
 37760 | Snake:1  | Bought a potion of cancellation for 112 gold pieces
 37760 | Snake:1  | Bought a potion of cancellation for 112 gold pieces
 37766 | Snake:1  | Bought a morningstar for 116 gold pieces
 38579 | Snake:2  | Noticed Aizul
 38593 | Snake:2  | Killed Aizul
 39153 | Snake:2  | Reached skill level 15 in Dodging
 40022 | Snake:2  | Received a gift from Trog
 42017 | Snake:3  | Noticed Mara
 42046 | Snake:3  | Noticed dtburroughs's illusion
 42161 | Snake:3  | Killed Mara
 42522 | Snake:3  | Noticed Vashnia
 42559 | Snake:3  | Received a gift from Trog
 42566 | Snake:3  | Reached XP level 18. HP: 74/168 MP: 1/17
 42579 | Snake:3  | Killed Vashnia
 43298 | Snake:4  | Entered Level 4 of the Snake Pit
 43855 | Snake:4  | Found Leriy's Gadget Boutique.
 43858 | Snake:4  | Found Cickod's Jewellery Shoppe.
 43859 | Snake:4  | Found Irudem's Gadget Boutique.
 43870 | Snake:4  | Bought an uncursed amulet of reflection for 480 gold pieces
 44376 | Snake:4  | Found a shimmering altar of Xom.
 45549 | Snake:4  | Received a gift from Trog
 45989 | Snake:4  | Got a serpentine rune of Zot
 46706 | Vaults:1 | Entered Level 1 of the Vaults
 47286 | Vaults:1 | Reached XP level 19. HP: 165/177 MP: 18/18
 47661 | Vaults:1 | Paralysed by a floating eye for 3 turns
 47671 | Vaults:1 | Paralysed by a floating eye for 4 turns
 47689 | Vaults:1 | Received a gift from Trog
 48227 | Vaults:1 | Reached ****** piety under Trog
 49502 | Vaults:2 | Received a gift from Trog
 49831 | Vaults:2 | Noticed a lich
 49846 | Vaults:2 | Killed a lich
 50135 | Vaults:2 | Found a staircase to the Crypt.
 50135 | Vaults:2 | Noticed an ancient lich
 50144 | Vaults:2 | Killed an ancient lich
 51636 | Vaults:3 | Reached XP level 20. HP: 189/189 MP: 19/19
 51733 | Vaults:3 | Received a gift from Trog
 52010 | Vaults:3 | Found a large runed translucent door.
 52010 | Vaults:3 | Found a large runed translucent door.
 52010 | Vaults:3 | Found a large runed translucent door.
 52010 | Vaults:3 | Found a large runed translucent door.
 52010 | Vaults:3 | Found a large runed translucent door.
 52010 | Vaults:3 | Found a large runed translucent door.
 52010 | Vaults:3 | Found a large runed translucent door.
 52010 | Vaults:3 | Found a large runed translucent door.
 52010 | Vaults:3 | Noticed casual's ghost (veteran MiMo)
 52214 | Vaults:3 | Got an encrusted flail
 52215 | Vaults:3 | Identified the cursed +0 flail of Dominance {vorpal, +Blink
                  | +Inv Int-4 Dex+5} (You found it on level 3 of the Vaults)
 52216 | Vaults:3 | Acquired 760 gold pieces
 53553 | Vaults:4 | Received a gift from Trog
 54275 | Vaults:4 | Noticed Boris
 54304 | Vaults:4 | Killed Boris
 54407 | Vaults:4 | Reached skill level 15 in Shields
 54418 | Vaults:4 | Received a gift from Trog
 54909 | Vaults:4 | Identified the +11 rapier of Iconoclasm {antimagic, rN+++
                  | Str-2 SInv}
 55028 | Vaults:4 | Identified the +5 spear of Ynuedgh {flame, Str+6}
 55204 | Vaults:4 | Reached XP level 21. HP: 177/198 MP: 20/20
 55950 | Lair:1   | Acquired the ring "Vimoenki" {Will++ Int-4 Slay+4}
 56057 | Elf:1    | Entered Level 1 of the Elven Halls
 56065 | Elf:1    | Received a gift from Trog
 56379 | Elf:1    | Identified the Collected Works on Confrontation
 57011 | Elf:3    | Entered Level 3 of the Elven Halls
 57174 | Elf:3    | Found Deusav Reu's Assorted Antiques.
 57178 | Elf:3    | Bought a scroll of teleportation for 81 gold pieces
 57178 | Elf:3    | Bought a potion of heal wounds for 135 gold pieces
 57178 | Elf:3    | Bought a scroll of fear for 94 gold pieces
 57178 | Elf:3    | Bought a scroll of teleportation for 81 gold pieces
 57236 | Elf:3    | Received a gift from Trog
 57238 | Elf:3    | Reached skill level 15 in Evocations
 57377 | Elf:3    | Identified the +6 dire flail of the Gloaming {spect, Dex+5
                  | SInv}
 57426 | Elf:3    | Identified the +11 glaive "Jellybane" {vorpal, Str+3}
 57537 | Elf:3    | Identified the +4 morningstar "Taumoam" {flame, rF+ Str+4
                  | Dex+3}
 57542 | Elf:3    | Got an encrusted plate armour
 57558 | Elf:3    | Identified the +0 plate armour "Busmuj" {rN+ Regen+ Dex+3}
                  | (You found it on level 3 of the Elven Halls)
 57573 | Elf:3    | Identified the +2 scale mail of Duty {*Slow rC+++ rN+
                  | Int-2} (You found it on level 3 of the Elven Halls)
 57637 | Elf:3    | Identified the ring "Nifog" {*Tele rElec rF+ Int+6 Stlth-}
                  | (You found it on level 3 of the Elven Halls)
 57666 | Elf:3    | Identified the Handbook of Execration and Stones
 57685 | Elf:3    | Identified the +5 battleaxe "Wile" {vamp, rPois rN+ Will-
                  | Str+6 Dex+4} (You found it on level 3 of the Elven Halls)
 58144 | Elf:3    | Found a shimmering blue altar of Sif Muna.
 58498 | Elf:2    | Received a gift from Trog
 58744 | Elf:2    | Reached XP level 22. HP: 209/209 MP: 7/21
 58762 | Elf:2    | Received a gift from Trog
 58954 | Elf:2    | Found a runed translucent gate.
 58954 | Elf:2    | Found a runed translucent gate.
 58954 | Elf:2    | Found a runed translucent gate.
 58991 | Elf:2    | Found a huge runed gate.
 58991 | Elf:2    | Found a huge runed gate.
 58991 | Elf:2    | Found a huge runed gate.
 58991 | Elf:2    | Found a huge runed gate.
 58991 | Elf:2    | Found a huge runed gate.
 58992 | Elf:2    | Found a huge runed gate.
 58992 | Elf:2    | Found a huge runed gate.
 58992 | Elf:2    | Found a huge runed gate.
 59039 | Elf:2    | Found a huge runed gate.
 59039 | Elf:2    | Found a huge runed gate.
 59055 | Elf:2    | Found a huge runed gate.
 59055 | Elf:2    | Found a huge runed gate.
 59055 | Elf:2    | Found a huge runed gate.
 59055 | Elf:2    | Found a huge runed gate.
 59055 | Elf:2    | Found a huge runed gate.
 59055 | Elf:2    | Found a huge runed gate.
 59056 | Elf:2    | Found a huge runed gate.
 59066 | Elf:2    | Found a huge runed gate.
 59772 | Elf:2    | Noticed Louise
 59785 | Elf:2    | Killed Louise
 60025 | Elf:2    | Received a gift from Trog
 60799 | Depths:1 | Entered Level 1 of the Depths
 60799 | Depths:1 | Found a gateway to a ziggurat.
 60806 | Zig:1    | Entered Level 1 of a ziggurat
 60824 | Zig:2    | Entered Level 2 of a ziggurat
 60848 | Zig:3    | Entered Level 3 of a ziggurat
 61131 | Zig:4    | Entered Level 4 of a ziggurat
 61184 | Depths:1 | Found a huge runed gate.
 61184 | Depths:1 | Found a huge runed gate.
 61214 | Depths:1 | Found a huge runed gate.
 61214 | Depths:1 | Found a huge runed gate.
 61214 | Depths:1 | Found a huge runed gate.
 61214 | Depths:1 | Found a huge runed gate.
 61214 | Depths:1 | Found a huge runed gate.
 61226 | Depths:1 | Noticed a golden dragon
 61280 | Depths:1 | Killed a golden dragon
 61479 | Depths:1 | Received a gift from Trog
 61765 | Depths:1 | Found a gateway to Hell.
 62378 | Depths:1 | Found a one-way gate to the infinite horrors of the Abyss.
 63307 | Depths:2 | Reached XP level 23. HP: 217/217 MP: 7/22
 63310 | Depths:2 | Received a gift from Trog
 63517 | Depths:2 | Paralysed by a floating eye for 2 turns
 63528 | Depths:2 | Paralysed by a floating eye for 2 turns
 63712 | Depths:2 | Noticed Asterion
 63731 | Depths:2 | Killed Asterion
 63824 | Depths:2 | Found Vociud's Specialty Armours.
 64686 | Depths:3 | Noticed the Enchantress
 64726 | Depths:3 | Killed the Enchantress
 64726 | Depths:3 | Received a gift from Trog
 64794 | Depths:3 | Noticed a caustic shrike
 64824 | Depths:3 | Killed a caustic shrike
 64876 | Depths:3 | Noticed Mennas
 64903 | Depths:3 | Killed Mennas
 65161 | Depths:3 | Found a one-way gate leading to the halls of Pandemonium.
 66153 | Depths:3 | Noticed a juggernaut
 66169 | Depths:3 | Killed a juggernaut
 66530 | Depths:4 | Received a gift from Trog
 66915 | Depths:4 | Reached XP level 24. HP: 221/228 MP: 7/22
 67488 | Depths:5 | Entered Level 5 of the Depths
 67628 | Depths:5 | Found Xufrezecw's Assorted Antiques.
 67865 | Depths:5 | Received a gift from Trog
 67948 | Depths:5 | Noticed a juggernaut
 67977 | Depths:5 | Killed a juggernaut
 69217 | Depths:5 | Found a gate to the Realm of Zot.
 70351 | Vaults:3 | Killed casual's ghost
 70893 | Lair:6   | Killed Gorgoleon's ghost
 71328 | Vaults:5 | Entered Level 5 of the Vaults
 71343 | Vaults:5 | Received a gift from Trog
 71855 | Vaults:5 | Reached XP level 25. HP: 113/238 MP: 7/22
 71889 | Vaults:5 | Identified the ring "Peiroyda" {rF+ Dex+3}
 71962 | Vaults:5 | Identified the cursed +1 hand axe "Ypsustorauj" {pain, rN+}
 72182 | Vaults:5 | Received a gift from Trog
 72411 | Vaults:5 | Identified the +6 shortbow of Feniomy {vorpal, MP+9}
 72813 | Vaults:5 | Received a gift from Trog
 73481 | Vaults:5 | Got an encrusted broad axe {god gift}
 73482 | Vaults:5 | Identified the +3 broad axe of the Crawling Thing
                  | {antimagic, rF+} (Trog gifted it to you on level 5 of the
                  | Vaults)
 73862 | Vaults:5 | Noticed Margery
 73876 | Vaults:5 | Killed Margery
 74289 | Vaults:5 | Got a silver rune of Zot
 75138 | Slime:1  | Entered Level 1 of the Pits of Slime
 75173 | Slime:1  | Reached skill level 1 in Maces & Flails
 75294 | Slime:1  | Gained mutation: Potions are less effective at restoring
                  | your health. [a shining eye]
 75295 | Slime:1  | Gained mutation: Your muscles are strong. (Str +2) [a
                  | shining eye]
 75305 | Slime:1  | Gained mutation: Your magical capacity is low. (-10% MP) [a
                  | shining eye]
 75336 | Slime:1  | Gained mutation: You have a pair of large horns on your
                  | head. [a shining eye]
 76111 | Slime:2  | Received a gift from Trog
 76133 | Slime:2  | Gained mutation: Your spells are a little easier to cast,
                  | but a little less powerful. [a shining eye]
 76139 | Slime:2  | Gained mutation: Armour fits poorly on your strangely
                  | shaped body. [a shining eye]
 76143 | Slime:2  | Gained mutation: Your body sometimes deteriorates upon
                  | taking damage. [a shining eye]
 76651 | Slime:2  | Reached XP level 26. HP: 235/248 MP: 0/19
 77018 | Slime:3  | Gained mutation: You tend to lose your temper in combat. [a
                  | shining eye]
 77019 | Slime:3  | Lost mutation: Your muscles are strong. (Str +2) [a shining
                  | eye]
 77020 | Slime:3  | Gained mutation: Your body often deteriorates upon taking
                  | damage. [a shining eye]
 77030 | Slime:3  | Gained mutation: You are occasionally teleported next to
                  | monsters. [a shining eye]
 77032 | Slime:3  | Gained mutation: Potions are poor at restoring your health.
                  | [a shining eye]
 77036 | Slime:3  | Gained mutation: You occasionally shout uncontrollably at
                  | your foes. [a shining eye]
 77685 | Slime:4  | Noticed Dissolution
 77692 | Slime:4  | Gained mutation: Scrolls take you a little longer to read.
                  | [a shining eye]
 77698 | Slime:4  | Paralysed by a floating eye for 3 turns
 77711 | Slime:4  | Killed Dissolution
 77712 | Slime:4  | Reached skill level 5 in Maces & Flails
 79017 | Slime:4  | Received a gift from Trog
 79098 | Slime:5  | Entered Level 5 of the Pits of Slime
 80037 | Slime:5  | Noticed the Royal Jelly
 80056 | Slime:5  | Killed the Royal Jelly
 80065 | Slime:4  | HP: 12/375 [azure jelly[the Royal Jelly] (7)]
 80065 | Slime:4  | Slain by an acid blob

Illustrated notes

Levels and vault maps discovered:
D:1:      kilobyte_arrival_exit_the_forest, layout_basic,
          minmay_gold_behind_fungi
D:2:      layout_rooms, mrwooster_statue_mirror, uniq_robin, uniq_sigmund
D:3:      layout_loops_ring, nicolae_gozag_seed_capital, kennysheep_orc_chapel,
          uniq_ijyb, uniq_terence, uniq_grinder
D:4:      layout_cave_pools, grunt_qazlal_sundering,
          chequers_temple_overflow_statue_of_worship, minmay_box_of_dots
D:5:      layout_layer_cave, minmay_temple_entry_fiery
D:6:      layout_layer_cave, amcnicky_mini_pool_small, minivault_23,
          uniq_prince_ribbit1, uniq_menkaure
D:7:      layout_gridville, nicolae_ossuary_entry_ruins, uniq_duvessa,
          uniq_crazy_yiuf_cottage
D:8:      layout_basic, lemuel_doored_altar, serial_shops, nicolae_shop_trees
D:9:      layout_basic, grunt_temple_overflow_open, doesnt_xom_only_xom
D:10:     layout_cross, david_lair_generic, uniq_erica
D:11:     kennysheep_town
D:12:     hangedman_screamer, layout_irregular_city, serial_shops,
          nicolae_shop_trees, minmay_guarded_unrand_resistance
D:13:     layout_cave_pools, basic_altar, uniq_jorgrun, uniq_nessos
D:14:     layout_basic, skrybe_vaults_entry_preservation,
          hangedman_feature_mirror, minmay_diamond_spiral
D:15:     grunt_enter_depths_giant_problem, layout_basic, zin_angel
Lair:1:   layout_hall_layers, basic_altar, grunt_forest_stairs_basic,
          lemuel_old_faithful
Lair:2:   layout_cave_pods, basic_altar, minmay_stone_trees_small,
          chequers_serial_rivers_small_3, grunt_megastairs_3,
          infiniplex_staircase_pool
Lair:3:   layout_hall_layers, skrybe_swamp_entry_bodies,
          guppyfry_snake_entry_island
Lair:4:   layout_misc_corridors, lemuel_fruit_fields, lemuel_fruit_tree
Lair:5:   layout_cave_pods, lemuel_fruit_fields
Lair:6:   hangedman_lair_tendril_chambers, layout_regular_city, wormcave,
          nicolae_slime_entry_slimehenge, gammafunk_ghost_split,
          nicolae_quartered_pool_medium
Swamp:1:  layout_basic_swamp, portal_ice_cave_entry_pillars_1,
          nicolae_swamp_triple_paths, uniq_roxanne
Swamp:2:  layout_basic_swamp, serial_swamp_ruin, evilmike_swamp_ruin_house_5,
          evilmike_swamp_ruin_rubble_2, evilmike_swamp_ruin_house_4, swamp_pool1
Swamp:3:  layout_basic_swamp, nicolae_swamp_feature_on_the_river_bank
Swamp:4:  swamp_old_school, layout_basic_swamp, swamp_pool1
Snake:1:  layout_basic, minmay_shop_star, serial_bayou_shore_b
Snake:2:  layout_chambers, uniq_aizul
Snake:3:  layout_grid_maze, uniq_mara, uniq_vashnia
Snake:4:  grunt_snake_rune_pools, layout_gridlike, basic_altar,
          nicolae_snake_springs, minmay_shop_grove, grunt_megastairs_4
Slime:1:  layout_caves
Slime:2:  layout_caves, nicolae_slime_round_cave
Slime:3:  layout_caves
Slime:4:  layout_caves, uniq_dissolution
Slime:5
Orc:1:    layout_caves, david_defended_altar_orc
Orc:2:    st_orc_mages, layout_caves, basic_altar, mines2_david, uniq_rupert
Elf:1:    eino_elf_arrival_the_gate, layout_onion_city, minmay_elf_annihilation
Elf:2:    layout_gridlike, eino_tiny_chamber, door_vault, lemuel_elevator,
          uniq_louise
Elf:3:    minmay_elf_hall_spiked, layout_onion_city, serial_shops, shop,
          basic_altar
Vaults:1: v_misc_12, v_misc_17, nicolae_vaults_little_squares_5,
          ontoclasm_vaults_chip, nicolae_vaults_windows_and_doors_thing,
          hangedman_vaults_pinch, hangedman_vaults_stitches,
          nicolae_vaults_puzzle_piece, v_misc_19, vaults_dpeg_ring, v_misc_16,
          ontoclasm_vaults_ligature, layout_vaults_omnibox
Vaults:2: minmay_crypt_entry_simple_round, vaults_dpeg_hooks,
          vaults_mumra_minichess, grunt_vaults_trifunnel,
          vaults_room_fancy_cross, ontoclasm_vaults_claustrophobia, v_misc_15,
          v_alt_pattern_5, layout_vaults_chaotic_city
Vaults:3: advil_vaults_ghost_lines, nicolae_vaults_twisting_passages,
          vaults_standard_mumra_x, v_misc_30, hangedman_vaults_restitches,
          v_pattern_5, ontoclasm_vaults_eye, vaults_room_stairs_pillars,
          grunt_vaults_diagonal, ontoclasm_vaults_shuriken,
          hangedman_vaults_stretched_pinwheel, layout_vaults_omnigrid
Vaults:4: st_greater_box_1, nicolae_vaults_little_ls,
          vaults_mumra_minichess_inversion, v_misc_12, v_alt_pattern_2,
          nicolae_vaults_ninety_degrees, v_alt_pattern_3, vaults_room_door_ring,
          vaults_room_fancy_cross, vaults_dpeg_cross, v_misc_16,
          nicolae_vaults_back_hallway, hangedman_vaults_slice, v_misc_19,
          vaults_room_stairs_pillars, vaults_room_door_ring,
          ontoclasm_vaults_chip, layout_vaults_maze, uniq_boris
Vaults:5: serial_shops, uniq_margery
Depths:1: layout_gridlike, enter_ziggurat_e, hell_entry, serial_bayou_pond_b,
          abyss_entry, door_vault
Depths:2: minmay_textured_paths, layout_twisted_cross, serial_bayou_ford_a,
          grunt_hell_entry_dis_grunt, nicolae_barding_shop, uniq_asterion
Depths:3: hangedman_hanging_gardens, layout_gridlike, kennysheep_crisscross,
          pf_hell_entry_tar_spiral, pan_entry, infiniplex_staircase_pool_1,
          uniq_enchantress, uniq_mennas
Depths:4: kennysheep_bubbly, layout_gridlike, hellmouth_3, abyss_entry_crystal,
          minmay_misc_feat_four_crosses
Depths:5: grunt_bruiser_brothers, layout_basic, serial_shops, shop,
          minmay_misc_feat_room, marbit_kobold_abyss_entry, hell_entry,
          drop_trap

Skill      XL: |  1  2  3  4  5  6  7  8  9 10 11 12 13 14 15 16 17 18 19 20 21 22 23 24 25 26 |
---------------+-------------------------------------------------------------------------------+-----
Axes           | 4 5 6 7 8 10 11 12 13 14 15 16 17 18 19 20 21 22 23 | 23.0
Fighting       | 4 5 6 7 8 10 11 12 13 14 15 16 17 18 19 20 21 22 23 | 23.1
Armour         | 3 4 5 7 8 9 10 12 13 14 15 16 17 18 19 20 21 22 | 22.8
Dodging        | 3 4 5 6 7 8 10 11 12 13 14 15 16 17 18 19 20 21 | 21.4
Evocations     | 1 3 4 6 7 8 9 10 11 12 13 14 15 16 17 | 17.7
Shields        | 3 6 8 10 12 13 14 15 16 17 18 19 20 | 20.5
Maces & Flails | 3 6 |  6.7

Action                   |  1- 3 |  4- 6 |  7- 9 | 10-12 | 13-15 | 16-18 | 19-21 | 22-24 | 25-27 || total
-------------------------+-------+-------+-------+-------+-------+-------+-------+-------+-------++-------
Melee: Hand axe          |    62 |   120 |   259 |       |       |       |       |       |       ||   441
       Headbutt          |    18 |    19 |    71 |   119 |   188 |   369 |   387 |   470 |   256 ||  1897
       Battleaxe         |       |       |   142 |   438 |   151 |       |       |       |       ||   731
       Flail             |       |       |       |    11 |    15 |       |       |       |       ||    26
       Executioner's axe |       |       |       |       |   533 |    46 |       |       |       ||   579
       Broad axe         |       |       |       |       |    63 |    44 |   275 |  1438 |   696 ||  2516
       War axe           |       |       |       |       |       |  1284 |   994 |       |       ||  2278
       Morningstar       |       |       |       |       |       |       |       |     6 |       ||     6
Invok: Trog's Hand       |     1 |     2 |     9 |     6 |     9 |    10 |       |    11 |     3 ||    51
       Berserk           |     1 |     1 |     1 |       |       |       |     1 |     1 |       ||     5
       Brothers in Arms  |       |       |       |       |     3 |     9 |     2 |     6 |     2 ||    22
Evoke: Wand              |       |       |       |     1 |     9 |    12 |     3 |     7 |     2 ||    34
       Tin of tremorston |       |       |       |       |       |       |     1 |     1 |       ||     2
       Lightning rod     |       |       |       |       |       |       |       |       |     3 ||     3
       Box of beasts     |       |       |       |       |       |       |       |       |     1 ||     1
  Use: Potion            |       |       |     6 |       |       |     6 |       |    15 |     3 ||    30
       Scroll            |       |       |       |    15 |    19 |    15 |    10 |    16 |     9 ||    84
 Stab: Distracted        |       |       |       |       |     2 |     1 |     2 |     3 |       ||     8
       Confused          |       |       |       |       |       |     2 |       |       |       ||     2
Armor: Animal skin       |     9 |    15 |     5 |       |       |       |       |       |       ||    29
       Chain mail        |       |       |    77 |       |       |   521 |   206 |   361 |    51 ||  1216
       Skin              |       |       |    34 |       |       |       |       |       |     1 ||    35
       Plate armour      |       |       |    98 |   349 |   563 |    49 |       |       |       ||  1059
       Gold dragon scale |       |       |       |       |       |       |       |       |   146 ||   146
Dodge: Dodged            |    52 |    74 |   226 |   298 |   670 |   841 |   354 |   609 |   217 ||  3341
Block: Kite shield       |       |       |       |       |    43 |  1073 |   861 |  1266 |   513 ||  3756
       Reflection        |       |       |       |       |       |    63 |   131 |    99 |    41 ||   334
